 Dungeon Crawl Stone Soup version 0.26.1-11-gd32895ea62 (webtiles) character file.

Game seed: 17296141106187380755

10480 MisterFreud the Spry (level 11, -4/79 HPs)
             Began as a Felid Berserker on June 9, 2021.
             Was the Champion of Trog.
             Slain by a purple ugly thing (11 damage)
             ... on level 14 of the Dungeon.
             The game lasted 00:23:39 (16968 turns).

MisterFreud the Spry (Felid Berserker)             Turns: 16968, Time: 00:23:41

Health: -4/79      AC:  3    Str: 22    XL:     11   Next: 36%
Magic:  12/12      EV: 33    Int: 10    God:    Trog [******]
Gold:   591        SH:  0    Dex: 19    Spells: 10/10 levels left
                                        Lives:  0   Deaths: 4

rFire    + . .     SeeInvis +     - Unarmed
rCold    . . .     Faith    +   (shield unavailable)
rNeg     . . .     Spirit   .   (armour unavailable)
rPois    .         Reflect  .   (helmet unavailable)
rElec    .         Harm     .   (cloak unavailable)
rCorr    .         Rampage  .   (gloves unavailable)
Will     +++..                  (boots unavailable)
Stlth    ..........             v - amulet of faith
HPRegen  1.23/turn              s - +6 ring of strength
MPRegen  0.13/turn              B - ring of Ymemeus {Fire Str+3}

@: berserking, regenerating, very quick
A: very small, no armour, no weapons or thrown items, stealth, claws 1, fangs 3,
see invisible, speed 1, shaggy fur 3, sharp paws
a: Renounce Religion, Berserk, Trog's Hand, Brothers in Arms


You were on level 14 of the Dungeon.
You worshipped Trog.
Trog was exalted by your worship.
You visited 1 branch of the dungeon, and saw 14 of its levels.

You collected 899 gold pieces.
You spent 308 gold pieces at shops.

Inventory:

Jewellery
 r - a cursed amulet of inaccuracy {unknown}
 s - a +6 ring of strength (left paw)
 u - an uncursed amulet of reflection
 v - an amulet of faith (around neck)
 y - an uncursed ring of ice
 B - the ring of Ymemeus (right paw) {Fire Str+3}
   (You found it on level 6 of the Dungeon)

   [ring of fire]

   It enhances your fire magic.
   It affects your strength (+3).
   It protects you from fire.
   It makes you vulnerable to cold.
 C - an uncursed ring of protection from cold
 F - a +6 ring of strength
 G - a +6 ring of strength
Wands
 c - a wand of acid (17)
 o - a wand of paralysis (3)
 E - a wand of random effects (9)
 H - a wand of flame (13)
 K - a wand of iceblast (6)
 L - a wand of digging (6)
 S - a wand of enslavement (9)
Scrolls
 a - 3 scrolls of enchant weapon {unknown}
 b - 8 scrolls of remove curse {unknown}
 e - 3 scrolls of amnesia
 j - 2 scrolls of fear
 l - 11 scrolls of teleportation {unknown}
 n - 10 scrolls of enchant armour {unknown}
 q - a scroll of blinking
 x - 3 scrolls of magic mapping {unknown}
 A - 3 scrolls of fog
 D - a scroll of immolation {unknown}
 I - a scroll of acquirement {unknown}
 Q - 2 scrolls of brand weapon {unknown}
 T - a scroll of identify
Potions
 d - 7 potions of curing
 f - 3 potions of flight
 g - 4 potions of heal wounds
 h - 6 potions of mutation
 i - a potion of resistance
 k - a potion of ambrosia
 m - 5 potions of brilliance {unknown}
 p - 2 potions of might
 t - a potion of degeneration
 w - 3 potions of lignification
 z - 2 potions of haste
 J - 2 potions of invisibility
 M - a potion of attraction
 N - 2 potions of cancellation
 O - 3 potions of magic
 R - a potion of berserk rage
Miscellaneous
 P - a tin of tremorstones (2/2)


   Skills:
 + Level 9.0 Fighting
 - Level 16.0 Dodging
 - Level 8.0 Stealth
 + Level 13.7 Unarmed Combat
 - Level 10.0 Evocations


You had 10 spell levels left.
You didn't know any spells.
Your spell library was empty.

Dungeon Overview and Level Annotations

Branches:
Dungeon (14/15)              Lair (0/6) D:8             Orc (0/2) D:11
 Vaults (0/5) D:14
 Temple: D:4-7

Altars:
Elyvilon
Hepliaklqana
Makhleb
Nemelex Xobeh
Okawaru
Ru
Trog
Uskayaw
The Shining One

Shops:
D:6 =   D:7 *   D:10 [   D:11 *

Annotations:
D:9 exclusion: obsidian statue


Innate Abilities, Weirdness & Mutations

You cannot wear armour.
You are incapable of wielding weapons or throwing items.
Your paws allow you to move quietly. (Stealth)
You have sharp claws.
You have razor-sharp teeth.
You have supernaturally acute eyesight. (SInv)
You cover ground quickly.
Your thick and shaggy fur keeps you warm. (AC +3, rC+)
Your sharp claws are effective at attacking unaware monsters.


Message History

Your skin crawls.
You feel strong-willed.
A red film seems to cover your vision as you go berserk!
You feel yourself moving faster!
You feel mighty!
You mangle the purple ugly thing!! Your bite misses the purple ugly thing.
The purple ugly thing is moderately wounded.
You mangle the purple ugly thing!!
The purple ugly thing is severely wounded.
The purple ugly thing misses you.
You claw the purple ugly thing!
The purple ugly thing is severely wounded.
You are too injured to fight recklessly!
You claw the purple ugly thing!
The purple ugly thing is almost dead.
The brown ugly thing pecks you.
* * * LOW HITPOINT WARNING * * *
You are splashed with acid!
* * * LOW HITPOINT WARNING * * *
The purple ugly thing bites you!
You die...

#.# #### . #.# #... ..
#"##### #.## ... #.#.<.
#.#
....#####.#.##########.#
...................>.#.#
.......##u#........#.#.##
......uu@...)............
......u##.#.###....#.#.##
#.............#....#.#.#
#..........Y#.####.#.#.#
......$...÷...........>#
.......................##
############.#####.......
#.#.. .#.# #..#...# .#.#
..#.#####.#÷#####...###(


You could see 4 ugly things and an ice beast.

Vanquished Creatures
  Louise (D:14)
  Nessos (D:14)
  A boulder beetle (D:14)
  A hydra (D:11)
  A vault guard (D:14)
  3 two-headed ogres
  2 centaur warriors
  2 tengu warriors
  3 unseen horrors
  A wizard (D:14)
  A wolf spider (D:14)
  3 deep elf magi
  2 ugly things (D:14)
  The ghost of mavignon the Chiller, a novice DgIE (D:6)
  A manticore (D:11)
  A wolf spider zombie (D:12)
  2 freezing wraiths (D:14)
  3 kobold demonologists
  3 efreet
  2 tengu conjurers (D:14)
  2 trolls (D:11)
  6 slime creatures (D:12)
  Grinder (D:6)
  3 wyverns (D:8)
  A shadow (D:11)
  6 yaks
  2 wraiths (D:14)
  A basilisk (D:12)
  8 vampire mosquitoes
  2 steam dragons
  2 soldier ants
  An acid dragon (D:12)
  2 water moccasins
  4 orc warriors
  4 ice beasts
  9 black bears
  4 ogres
  5 sky beasts
  A phantom (D:12)
  A necrophage (D:13)
  2 eyes of draining (D:14)
  A wolf (D:8)
  8 centaurs
  7 big kobolds
  4 bullfrogs
  A gnoll sergeant (D:7)
  A water moccasin zombie (D:11)
  6 scorpions
  4 killer bees
  6 wights
  2 howler monkeys (D:5)
  2 bullfrog zombies
  3 jellies
  Crazy Yiuf (D:5)
  6 centaur zombies
  9 hounds
  5 centaur skeletons
  5 orc priests
  3 bullfrog skeletons
  10 iguanas
  13 orc wizards
  A hell rat (D:7)
  7 worker ants
  3 hound skeletons
  2 mummies (D:10)
  2 worker ant zombies
  6 gnolls
  17 adders
  6 river rats (D:7)
  2 shadow imps (D:10)
  6 white imps
  3 ufetubi
  2 oozes
  An adder zombie (D:5)
  An adder skeleton (D:8)
  6 worms
  3 dart slugs
  5 leopard geckos
  32 orcs
  A ball python (D:4)
  8 giant cockroaches
  5 goblins
  3 hobgoblins
  10 jackals
  3 quokkas
  5 bats
  A jackal simulacrum (D:6)
  A jackal skeleton (D:7)
  22 kobolds
  20 rats
383 creatures vanquished.

Vanquished Creatures (collateral kills)
  A tengu warrior (D:13)
  An ugly thing (D:13)
  A cyclops (D:13)
  An elephant (shapeshifter) (D:13)
  A guardian serpent (D:13)
  A shadow (D:13)
  A centaur (D:13)
  A bullfrog (D:13)
  A scorpion (D:13)
  4 killer bees (D:13)
  2 orc wizards (D:13)
  A worker ant (D:13)
  2 orcs (D:13)
18 creatures vanquished.

Vanquished Creatures (others)
  A bush (D:8)
  A fungus (D:8)
  9 plants
11 creatures vanquished.

Grand Total: 412 creatures vanquished

Notes
Turn   | Place    | Note
-------+----------+-------------------------------------------
     0 | D:1      | MisterFreud the Felid Berserker began the quest for the
                  | Orb.
     0 | D:1      | Reached XP level 1. HP: 10/10 MP: 2/2
    90 | D:1      | Reached skill level 1 in Stealth
   145 | D:1      | Reached XP level 2. HP: 11/14 MP: 3/3
  1151 | D:2      | Reached XP level 3. HP: 17/17 MP: 4/4
  1416 | D:2      | Reached ** piety under Trog
  1604 | D:2      | Found a bloodstained altar of Trog.
  1715 | D:2      | Reached XP level 4. HP: 21/21 MP: 5/5
  2214 | D:3      | Noticed an orc warrior
  2225 | D:3      | Reached XP level 5. HP: 12/24 MP: 6/6
  2225 | D:3      | Mangled by an orc warrior
  2226 | D:3      | Reached XP level 4. HP: -8/21 MP: 5/5
  2289 | D:3      | Reached skill level 5 in Stealth
  2289 | D:3      | Reached skill level 5 in Unarmed Combat
  2336 | D:3      | Killed an orc warrior
  2337 | D:3      | Reached skill level 5 in Dodging
  2337 | D:3      | Reached XP level 5. HP: 11/24 MP: 6/6
  2692 | D:3      | Reached skill level 6 in Dodging
  2697 | D:3      | You fall into a shaft and drop 2 floors!
  2697 | D:5      | Entered Level 5 of the Dungeon
  2701 | D:5      | Gained mutation: You are covered in thick fur. (AC +2)
                  | [Felid growth]
  2701 | D:5      | Reached XP level 6. HP: 28/28 MP: 7/7
  2893 | D:4      | Reached skill level 7 in Dodging
  3097 | D:4      | Reached skill level 8 in Dodging
  3131 | D:4      | Reached XP level 7. HP: 31/31 MP: 8/8
  3263 | D:4      | Reached skill level 9 in Dodging
  4057 | D:3      | Found a sacrificial altar of Ru.
  4058 | D:3      | Found an iron altar of Okawaru.
  4059 | D:3      | Found a hide-covered altar of Uskayaw.
  4279 | D:3      | Found a glowing golden altar of the Shining One.
  4439 | D:5      | Reached skill level 10 in Dodging
  4535 | D:5      | Reached skill level 1 in Evocations
  4802 | D:5      | Reached XP level 8. HP: 26/34 MP: 9/9
  5323 | D:5      | Reached *** piety under Trog
  5409 | D:5      | Found a burning altar of Makhleb.
  6173 | D:5      | Found a runed translucent door.
  6174 | D:5      | Noticed Crazy Yiuf
  6377 | D:5      | Killed Crazy Yiuf
  6606 | D:6      | Noticed Grinder
  6608 | D:6      | Found Qoisar's Jewellery Boutique.
  6622 | D:6      | Paralysed by Grinder for 4 turns
  6626 | D:6      | Killed Grinder
  6627 | D:6      | Reached skill level 5 in Evocations
  6739 | D:6      | Reached XP level 9. HP: 39/39 MP: 10/10
  6944 | D:6      | Reached skill level 5 in Fighting
  7037 | D:6      | Found a runed translucent gate.
  7037 | D:6      | Found a runed translucent gate.
  7037 | D:6      | Found a runed translucent gate.
  7041 | D:6      | Noticed mavignon's ghost (novice DgIE)
  7333 | D:6      | Killed mavignon's ghost
  7510 | D:6      | Got the ring of Ymemeus {Fire}
  7512 | D:6      | Identified the ring of Ymemeus {Fire Str+3} (You found it
                  | on level 6 of the Dungeon)
  7584 | D:7      | Found Zehe's General Store.
  7914 | D:7      | Noticed an unseen horror
  7944 | D:7      | Killed an unseen horror
  7945 | D:7      | Reached skill level 11 in Dodging
  8164 | D:7      | Bought a wand of acid (9) for 286 gold pieces
  8164 | D:7      | Bought a scroll of fog for 22 gold pieces
  8245 | D:7      | Reached **** piety under Trog
  8473 | D:7      | Reached XP level 10. HP: 40/44 MP: 11/11
  8484 | D:7      | Found the +2 ratskin cloak {*Rats rPois rN+ Str-1 Int-1
                  | Dex+1}
  8654 | D:7      | Reached ***** piety under Trog
  9129 | D:8      | Found a white marble altar of Elyvilon.
  9173 | D:8      | Found a sparkling altar of Nemelex Xobeh.
  9212 | D:8      | Found a staircase to the Lair.
  9241 | D:8      | Reached skill level 12 in Dodging
  9241 | D:8      | Slain by a wyvern
  9242 | D:8      | Reached XP level 9. HP: 0/40 MP: 10/10
  9303 | D:8      | Reached skill level 10 in Unarmed Combat
 10218 | D:9      | Identified the +8 battleaxe of the Sage {antimagic, Will+}
 10229 | D:9      | Noticed a two-headed ogre
 10243 | D:9      | Killed a two-headed ogre
 10244 | D:9      | Reached skill level 13 in Dodging
 10244 | D:9      | Reached XP level 10. HP: 32/44 MP: 2/11
 10419 | D:9      | Noticed an obsidian statue
 11117 | D:10     | Entered Level 10 of the Dungeon
 11123 | D:10     | Noticed an unseen horror
 11125 | D:10     | Noticed a two-headed ogre
 11647 | D:10     | Killed a two-headed ogre
 12023 | D:10     | You fall into a shaft and drop 2 floors!
 12114 | D:12     | Reached skill level 14 in Dodging
 12428 | D:11     | Found Emapnati's General Store.
 12459 | D:11     | Noticed a five-headed hydra
 12459 | D:11     | Noticed a manticore
 12469 | D:11     | Killed a manticore
 12470 | D:11     | Reached XP level 11. HP: 47/47 MP: 12/12
 12473 | D:11     | Killed a five-headed hydra
 12720 | D:10     | Found Riamm's Armour Emporium.
 12823 | D:10     | Killed an unseen horror
 13239 | D:11     | Reached skill level 15 in Dodging
 13594 | D:11     | Found a hazy altar of Hepliaklqana.
 13649 | D:11     | Found a staircase to the Orcish Mines.
 13936 | D:12     | Reached ****** piety under Trog
 14068 | D:12     | Noticed a deep elf mage
 14152 | D:13     | Noticed a tengu warrior
 14156 | D:13     | Noticed an unseen horror
 14158 | D:13     | Noticed a tengu warrior
 14162 | D:13     | Killed a tengu warrior
 14164 | D:13     | Noticed a centaur warrior
 14166 | D:13     | Killed an unseen horror
 14180 | D:13     | Noticed a white ugly thing
 14182 | D:13     | Killed a centaur warrior
 14183 | D:13     | Killed a tengu warrior
 14189 | D:13     | Reached skill level 16 in Dodging
 14201 | D:13     | Killed a white ugly thing
 14210 | D:13     | Gained mutation: Your thick and shaggy fur keeps you warm.
                  | (AC +3, rC+) [Felid growth]
 14210 | D:13     | Reached XP level 12. HP: 19/51 MP: 13/13
 14339 | D:13     | Found a hide-covered altar of Uskayaw.
 14915 | D:12     | Reached skill level 10 in Evocations
 15175 | D:12     | Noticed a two-headed ogre
 15179 | D:12     | Killed a two-headed ogre
 15885 | D:14     | Noticed a centaur warrior
 15894 | D:14     | Killed a centaur warrior
 15901 | D:14     | Noticed a vault guard
 15911 | D:14     | Killed a vault guard
 15988 | D:14     | Found a gate to the Vaults.
 16040 | D:14     | Noticed a tengu warrior
 16061 | D:14     | Killed a tengu warrior
 16433 | D:14     | Noticed a boulder beetle
 16437 | D:14     | Killed a boulder beetle
 16446 | D:14     | Noticed Louise
 16448 | D:14     | Noticed Nessos
 16464 | D:14     | Killed Louise
 16465 | D:14     | Reached XP level 13. HP: 19/59 MP: 14/14
 16472 | D:14     | Shot with an arrow by Nessos
 16473 | D:14     | Reached XP level 12. HP: -5/56 MP: 13/13
 16576 | D:14     | Mangled by a wolf spider
 16577 | D:14     | Reached XP level 11. HP: -7/52 MP: 12/12
 16649 | D:14     | Killed Nessos
 16861 | D:14     | Killed a wolf spider
 16952 | D:14     | Noticed a purple ugly thing
 16968 | D:14     | Slain by a purple ugly thing

Illustrated notes

Levels and vault maps discovered:
D:1:      dpeg_arrival_leaves_temple_mockup, layout_basic, supply_closet_lemuel,
          chequers_arboretum, minmay_box_of_dots
D:2:      layout_loops_ring, general_overflow_altar, minmay_misc_feat_diagonals
D:3:      layout_loops_cross, lemuel_crystal_altar, minitemple, st_stairs_7
D:4:      layout_basic
D:5:      layout_rooms, minmay_misc_feat_hallway, minmay_misc_feat_rugged,
          minmay_ruined_shrine, uniq_crazy_yiuf_cottage
D:6:      layout_basic, serial_shops, shop_statue, gammafunk_ghost_icy,
          uniq_grinder
D:7:      wander_guarded_unrand_ratskin, layout_loops_cross,
          minmay_temple_entry_ruins, serial_shops, shop, shop
D:8:      layout_loops_ring, overflow_temple_1_default, kennysheep_mini,
          minmay_lair_entry_grove, minmay_fractal_squares_5
D:9:      wad_cavern_with_rooms, layout_loops_corners, serial_rivers,
          chequers_serial_rivers_micro_d, chequers_serial_rivers_large_a,
          chequers_serial_rivers_micro_a, chequers_serial_rivers_room_a,
          minmay_protected_statue, uniq_grum
D:10:     layout_big_octagon, serial_undead, serial_undead_e, serial_undead_e,
          serial_undead_c, serial_undead_f, serial_undead_f, serial_undead_b,
          serial_undead_c, serial_shops, shop_fountains
D:11:     layout_loops_ring, orc_0_dummy, basic_altar, serial_shops, shop,
          minmay_misc_feat_columns, minmay_stone_trees_medium
D:12:     layout_irregular_city, serial_glass, glass_columns_b, glass_columns_a
D:13:     layout_rooms, basic_altar, nrook_guardian_serpent_ordinary
D:14:     layout_basic, david_vaults_5, nicolae_benzene_ring,
          minmay_fractal_squares_diagonal_5, uniq_louise, uniq_nessos

Skill      XL: |  1  2  3  4  5  6  7  8  9 10 11 12 |
---------------+-------------------------------------+-----
Stealth        | 1 2 3 5 7 8 |  8.0
Unarmed Combat | 4 5 6 10 11 12 13 | 13.7
Dodging        | 5 6 8 10 13 14 16 | 16.0
Evocations     | 2 5 8 10 | 10.0
Fighting       | 4 5 9 8 |  9.0

Action                   |  1- 3 |  4- 6 |  7- 9 | 10-12 | 13-15 || total
-------------------------+-------+-------+-------+-------+-------++-------
Melee: Unarmed           |    76 |   110 |   413 |   631 |     3 ||  1233
       Bite              |     7 |    15 |    39 |   110 |       ||   171
       Punch             |     2 |     2 |    15 |    47 |       ||    66
Invok: Berserk           |     2 |     5 |    15 |    16 |       ||    38
       Trog's Hand       |       |     5 |     6 |     8 |     1 ||    20
       Brothers in Arms  |       |       |       |     2 |       ||     2
Evoke: Wand              |       |       |       |     2 |       ||     2
  Use: Scroll            |       |       |     8 |    11 |       ||    19
       Potion            |       |       |       |     2 |     1 ||     3
 Stab: Sleeping          |     9 |     8 |    18 |    23 |       ||    58
       Distracted        |       |     1 |     4 |     1 |       ||     6
       Paralysed         |       |       |       |     1 |       ||     1
Armor: Skin              |     3 |     3 |     8 |    11 |       ||    25
Dodge: Dodged            |    47 |    79 |   413 |   607 |       ||  1146
